 Dungeon Crawl Stone Soup version 0.18.1-6-gd335043 (webtiles) character file.

79 lightmor the Shield-Bearer (level 4, -1/35 HPs)
             Began as a Formicid Fighter on May 18, 2016.
             Slain by a gnoll
             ... wielding a +0 spear
              (5 damage)
             ... on level 2 of the Dungeon.
             The game lasted 00:02:47 (1461 turns).

lightmor the Shield-Bearer (Formicid Fighter)       Turns: 1461, Time: 00:02:47

Health: -1/35      AC:  6    Str: 21    XL:     4   Next: 64%
Magic:  4/4        EV: 10    Int:  8    God:
Gold:   56         SH: 10    Dex: 10    Spells: 0 memorised, 3 levels left

rFire  . . .     SeeInvis +     a - +0 war axe
rCold  . . .     Gourm    .     b - +0 scale mail
rNeg   . . .     Faith    .     c - +0 shield
rPois  .         Spirit   .     (helmet unavailable)
rElec  .         Dismiss  .     (no cloak)
rCorr  .         Reflect  .     (no gloves)
SustAt .         Harm     .     (no boots)
MR     .....                    (no amulet)
Stlth  ..........               o - ring of wizardry
                                e - +1 ring of evasion

@: not resistant to hostile enchantments, extremely unstealthy
A: permanent stasis, dig shafts and tunnels, four strong arms, antennae 3
a: Dig, Shaft Self


You were on level 2 of the Dungeon.
You were hungry.

You visited 1 branch of the dungeon, and saw 2 of its levels.

You collected 56 gold pieces.

Inventory:

Hand Weapons
 a - a +0 war axe (weapon)
Armour
 b - a +0 scale mail (worn)
 c - a +0 shield (worn)
Jewellery
 e - a +1 ring of evasion (left hand)
 o - a ring of wizardry (right hand)
Scrolls
 g - 2 scrolls of identify {unknown}
 h - a scroll of teleportation {unknown}
 j - a scroll of remove curse {unknown}
 l - a scroll of random uselessness {unknown}
 m - a scroll of fog {unknown}
 p - 2 scrolls of noise {unknown}
 u - a scroll of enchant armour {unknown}
Potions
 d - a potion of might
 k - 2 potions of flight {unknown}
 n - a potion of berserk rage {unknown}
 q - 2 potions of curing {unknown}
 r - 2 potions of ambrosia {unknown}
 s - a potion of beneficial mutation {unknown}
 t - 2 potions of invisibility {unknown}
 w - a potion of heal wounds {unknown}
 z - 2 potions of degeneration {unknown}
Comestibles
 f - 2 bread rations
 i - 5 chunks of flesh
 v - a slice of pizza
 x - a meat ration


   Skills:
 - Level 3.2 Fighting
 * Level 2.6 Axes
 - Level 3.2 Armour
 + Level 1.3 Dodging
 * Level 5.1 Shields


You had 3 spell levels left.
You didn't know any spells.

Dungeon Overview and Level Annotations

Branches:
Dungeon (2/15)

Altars:


Innate Abilities, Weirdness & Mutations

You are under a permanent stasis effect.
You can dig through walls and to a lower floor.
Your four strong arms can wield two-handed weapons with a shield.
You have a pair of large antennae on your head (SInv).


Message History

You hit the gnoll but do no damage. The ooze hits you but does no damage.
The gnoll barely misses you. The gnoll hits you but does no damage.
The gnoll completely misses you.
Okay, then.
You hit the gnoll.
The gnoll is moderately wounded.
You hit the ooze.
You kill the ooze!
The gnoll hits you from afar with a spear.
The gnoll hits you but does no damage.
The gnoll hits you from afar with a halberd!
* * * LOW HITPOINT WARNING * * *
You block the rat's attack. You block the gnoll's attack.
The gnoll barely misses you.
Are you sure you want to shaft yourself?
You are feeling hungry.
You block the gnoll's attack. The rat bites you.
* * * LOW HITPOINT WARNING * * *
The gnoll hits you from afar with a spear.
You die...

.####
##.####.####...#...##
.#
#..###.#<...^....<##
.#
##.....####.####....
## #..##)# #.#####.##
##.##.# #.......#
#######.##.#
#########
#.......##.#
#(#####.# #@#
#.=...†gr# #...!.ggK#
#.........
#.......#..
#.......#..#
#.......#..#
#.......#..#


You could see 3 gnolls, a kobold and a rat.

Vanquished Creatures
  2 adders (D:2)
  A gnoll (D:1)
  An ooze (D:2)
  A worm (D:2)
  A dart slug (D:2)
  A giant gecko (D:1)
  6 bats
  5 giant cockroaches
  5 hobgoblins
  2 jackals (D:2)
  2 quokkas (D:2)
  A ball python (D:1)
  3 giant newts
  2 goblins (D:1)
  4 kobolds
  4 rats
41 creatures vanquished.

Notes
Turn   | Place    | Note
--------------------------------------------------------------
     0 | D:1      | lightmor the Formicid Fighter began the quest for the Orb.
     0 | D:1      | Reached XP level 1. HP: 18/18 MP: 1/1
   253 | D:1      | Reached skill level 4 in Shields
   284 | D:1      | Reached XP level 2. HP: 24/24 MP: 2/2
   535 | D:1      | Reached skill level 1 in Dodging
   535 | D:1      | Reached XP level 3. HP: 29/29 MP: 3/3
  1274 | D:2      | Reached XP level 4. HP: 35/35 MP: 4/4
  1313 | D:2      | Reached skill level 5 in Shields
  1461 | D:2      | Slain by a gnoll

Skill      XL: |  1  2  3  4 |
---------------+-------------+-----
Shields        | 4 5 |  5.1
Dodging        | 1 |  1.3
Fighting       | |  3.2
Axes           | |  2.6
Armour         | |  3.2

Action                   |  1- 3 |  4- 6 || total
-------------------------+-------+-------++-------
Melee: War axe           |   108 |    32 ||   140
 Abil: Shaft Self        |       |     1 ||     1
  Eat: Chunk             |     1 |     1 ||     2
Armor: Scale mail        |    50 |    20 ||    70
Dodge: Dodged            |    52 |    21 ||    73
Block: Shield            |    68 |    32 ||   100
